 Dungeon Crawl Stone Soup version 0.25.1-2-g60ff931df9 (webtiles) character file.

Game seed: 3564638334156750210

58352 Curus the Warrior (level 14, -2/143 HPs)
             Began as a Hill Orc Berserker on Oct 2, 2020.
             Was a High Priest of Trog.
             Killed from afar by an ogre mage (20 damage)
             ... with a bolt of poison
             ... on level 12 of the Dungeon.
             The game lasted 02:04:57 (25604 turns).

Curus the Warrior (Hill Orc Berserker)             Turns: 25604, Time: 02:04:58

Health: -2/143     AC: 24    Str: 21    XL:     14   Next: 90%
Magic:  17/17      EV:  6    Int:  7    God:    Trog [*****.]
Gold:   1567       SH: 11    Dex: 16    Spells: 13/13 levels left

rFire    + + .     SeeInvis +   g - +4 spear (venom)
rCold    + . .     Gourm    .   R - +1 kite shield
rNeg     . . .     Faith    .   V - +2 plate armour {rC+}
rPois    .         Spirit   .   P - +0 helmet
rElec    .         Reflect  .   u - +0 cloak of Nihilism {*Slow rF++ Stlth+} (curse)
rCorr    .         Harm     .   (no gloves)
MR       ++++.                  w - +0 pair of boots
Stlth    ..........             e - amulet of the acrobat
HPRegen  1.33/turn              I - ring of see invisible
MPRegen  0.15/turn              H - +4 ring of slaying

@: lethally poisoned (-2 -> -6), berserk cooldown, regenerating, slowed, very
slow
A: agile 1, magic resistance 1, no potion heal 1, subdued magic 2
a: Berserk, Trog's Hand, Brothers in Arms, Renounce Religion


You were on level 12 of the Dungeon.
You worshipped Trog.
Trog was extremely pleased with you.
You were very hungry.

You visited 3 branches of the dungeon, and saw 20 of its levels.

You collected 2059 gold pieces.
You spent 492 gold pieces at shops.

Inventory:

Hand Weapons
 g - a +4 spear of venom (weapon)
 h - the +8 glaive "Seg Vokh" {flame, Int+2, unknown}
   (Trog gifted it to you on level 12 of the Dungeon)

   It has been specially enchanted to burn those struck by it, causing extra
   injury to most foes and up to half again as much damage against particularly
   susceptible opponents.
   Big, fiery blades are also staple armaments of hydra-hunters.
   It affects your intelligence (+2).
 o - a +0 trident
 Z - a +3 vorpal bardiche
Armour
 a - a scarf of resistance
 k - a scarf of repulsion
 t - a +0 cloak of magic resistance
 u - the cursed +0 cloak of Nihilism (worn) {*Slow rF++ Stlth+}
   (You found it on level 7 of the Dungeon)

   It greatly protects you from fire.
   It may slow you when you take damage.
   It makes you more stealthy.
   It has a curse placed upon it.
 w - a +0 pair of boots (worn)
 P - a +0 helmet (worn)
 R - a +1 kite shield (worn)
 S - a scarf of harm
 V - a +2 plate armour of cold resistance (worn)
Jewellery
 e - an amulet of the acrobat (around neck)
 v - an uncursed ring of resist corrosion
 H - a +4 ring of slaying (right hand)
 I - a ring of see invisible (left hand)
 N - an uncursed amulet of magic regeneration
 O - an uncursed ring of ice
 Q - an uncursed ring of fire
Wands
 f - a wand of iceblast (16)
 x - a wand of enslavement (16)
 y - a wand of paralysis (19)
 D - a wand of disintegration (9)
 E - a wand of flame (24)
 F - a wand of digging (5)
 G - a wand of polymorph (29)
 K - a wand of acid (4)
 X - a wand of clouds (12)
Scrolls
 j - 10 scrolls of remove curse
 l - 3 scrolls of random uselessness
 m - 2 scrolls of fog
 q - 15 scrolls of identify
 r - 5 scrolls of teleportation
 s - 5 scrolls of fear
 C - 4 scrolls of magic mapping
Potions
 d - 8 potions of curing
 p - 2 potions of mutation
 A - 4 potions of degeneration
 B - 3 potions of heal wounds
 J - 2 potions of might
 L - 5 potions of stabbing
 M - 2 potions of cancellation
 U - 3 potions of haste
Comestibles
 c - 20 rations


   Skills:
 - Level 18.1 Fighting
 - Level 12.0 Polearms
 - Level 16.7 Armour
 - Level 1.5 Dodging
 * Level 5.7 Shields
 + Level 5.1 Evocations


You had 13 spell levels left.
You didn't know any spells.
Your spell library was empty.

Dungeon Overview and Level Annotations

Branches:
Dungeon (12/15)            Temple (0/1) D:5            Lair (6/6) D:9
  Swamp (0/4) Lair:4       Spider (0/4) Lair:4        Slime (0/5) Lair:6
    Orc (2/2) D:11            Elf (0/3) Orc:2

Altars:
Ashenzari
Nemelex Xobeh
Trog
Beogh

Shops:
D:5 [   D:9 !   Orc:2 :*!}

Annotations:
Lair:6 1 runed translucent door, tensugalgo's ghost, journeyman OpSk


Innate Abilities, Weirdness & Mutations

You are agile. (Dex +2)
You are resistant to hostile enchantments. (MR+)
Potions are less effective at restoring your health.
Your spells are easier to cast, but less powerful.


Message History

* * * LOW HITPOINT WARNING * * *
The ogre mage points at you and mumbles some strange words.
The bolt of poison hits you!
You are poisoned.
* * * LOW HITPOINT WARNING * * *
The bullfrog skeleton hits you.
* * * LOW HITPOINT WARNING * * *
Unknown command.
Your system partially rejects the healing.
You feel much better.
You feel sick.
The jumping spider leaps!
The ogre mage casts a spell at the two-headed ogre.
The two-headed ogre seems to speed up.
The bullfrog skeleton hits you but does no damage.
The ogre mage hits you but does no damage.
You barely miss the ogre mage.
You feel sick.
You block the bullfrog skeleton's attack.
The ogre mage points at you and mumbles some strange words.
The bolt of poison hits you!!
You are more poisoned.
You die...

#......##.8 ..#
#.....##... .#
#....##...#
#####..##...#
#....(''.8.'
....###..##...#
.. #..(##...##
#....##.)Z##
#...)(##O8@#
#####.(##O####.#
#(.s3e4o...#
#..)oosC.###
#....°...#
#######.....
....s ......
......


You could see a two-headed ogre (fast), an ogre mage, a deep elf mage, a
sixfirhy (summoned), a jumping spider (summoned), 2 orcs and a bullfrog
skeleton.

Vanquished Creatures
  Rupert (Lair:6)
  Snorg (Orc:2)
  A fire dragon (Lair:6)
  The ghost of raetorn the Grappler, a journeyman DrTm of Uskayaw (D:10)
  7 hydras
  8 two-headed ogres
  A centaur warrior (D:10)
  3 death yaks (D:9)
  Urug (Orc:2)
  An orc high priest (Orc:2)
  An orc knight (D:11)
  An unseen horror (D:10)
  2 lindwurms
  5 orc sorcerers
  An ugly thing (D:11)
  2 cyclopes
  14 elephants
  5 black mambas
  Joseph (D:8)
  Maurice (Orc:2)
  2 molten gargoyles (Lair:6)
  A torpor snail (Lair:5)
  A gargoyle (D:10)
  6 spiny frogs
  7 komodo dragons
  2 trolls
  2 tyrant leeches (Lair:4)
  A hornet (D:11)
  A slime creature (D:12)
  7 hippogriffs
  5 wyverns
  33 yaks
  5 basilisks
  2 steam dragons
  2 hungry ghosts
  A soldier ant (D:12)
  A swamp worm (Lair:4)
  A warg (Orc:1)
  7 water moccasins
  4 hell hounds (Lair:6)
  9 porcupines
  Duvessa (D:7)
  21 orc warriors
  4 sky beasts
  6 ice beasts
  A phantom (D:11)
  A black bear (D:6)
  9 ogres
  An eye of draining (D:11)
  A necrophage (D:9)
  8 wolves
  5 centaurs
  3 crocodiles
  5 big kobolds
  11 bullfrogs
  Dowan (D:7)
  2 scorpions
  15 killer bees
  An electric eel (D:8)
  13 wights
  A howler monkey (D:6)
  5 lava snakes (Lair:6)
  A bullfrog zombie (D:12)
  2 crimson imps (D:7)
  A quasit (D:4)
  A centaur skeleton (D:6)
  6 hounds
  2 jellies (Lair:6)
  23 orc priests
  24 orc wizards
  A bullfrog skeleton (D:4)
  3 iguanas
  15 worker ants
  A killer bee zombie (D:6)
  4 hound skeletons
  2 worker ant zombies
  8 gnolls (D:6)
  11 adders
  5 shadow imps
  4 oozes (Lair:6)
  An adder zombie (D:8)
  3 worms
  2 dart slugs
  8 leopard geckos
  79 orcs
  A ball python (D:2)
  10 giant cockroaches
  9 goblins
  11 hobgoblins
  6 jackals
  4 quokkas
  10 bats
  7 frilled lizards
  29 kobolds
  A quokka skeleton (D:4)
  7 rats
575 creatures vanquished.

Vanquished Creatures (others)
  10 fungi
  8 plants
18 creatures vanquished.

Grand Total: 593 creatures vanquished

Notes
Turn   | Place    | Note
-------+----------+-------------------------------------------
     0 | D:1      | Curus the Hill Orc Berserker began the quest for the Orb.
     0 | D:1      | Reached XP level 1. HP: 19/19 MP: 1/1
   232 | D:1      | Reached XP level 2. HP: 26/26 MP: 2/2
   259 | D:1      | Gained mutation: Your body sometimes deteriorates upon
                  | taking damage. [potion of mutation]
   259 | D:1      | Gained mutation: Your spells are a little easier to cast,
                  | but a little less powerful. [potion of mutation]
   259 | D:1      | Gained mutation: You have a pair of small horns on your
                  | head. [potion of mutation]
   640 | D:1      | Reached XP level 3. HP: 25/31 MP: 3/3
   723 | D:1      | Reached ** piety under Trog
   890 | D:1      | You fall into a shaft and drop 1 floor!
  1000 | D:2      | Reached skill level 5 in Polearms
  1205 | D:2      | Reached XP level 4. HP: 37/39 MP: 4/4
  1766 | D:2      | Lost mutation: You have a pair of small horns on your head.
                  | [potion of mutation]
  1766 | D:2      | Lost mutation: Your body sometimes deteriorates upon taking
                  | damage. [potion of mutation]
  1766 | D:2      | Gained mutation: You are resistant to hostile enchantments.
                  | (MR+) [potion of mutation]
  1766 | D:2      | Gained mutation: Your spells are easier to cast, but less
                  | powerful. [potion of mutation]
  1766 | D:2      | Gained mutation: Potions are less effective at restoring
                  | your health. [potion of mutation]
  1766 | D:2      | Gained mutation: You are agile. (Dex +2) [potion of
                  | mutation]
  2054 | D:3      | Reached *** piety under Trog
  2417 | D:3      | Reached XP level 5. HP: 42/45 MP: 5/5
  3715 | D:5      | Entered Level 5 of the Dungeon
  3777 | D:5      | Reached XP level 6. HP: 50/51 MP: 6/6
  3858 | D:5      | Noticed an ice beast
  3860 | D:5      | Found a staircase to the Ecumenical Temple.
  3873 | D:5      | Killed an ice beast
  3873 | D:5      | Reached XP level 7. HP: 50/57 MP: 7/7
  4317 | D:5      | Found Koxkosma's Armour Shoppe.
  4799 | D:6      | Reached **** piety under Trog
  5184 | D:6      | Reached skill level 10 in Polearms
  5188 | D:6      | Reached XP level 8. HP: 64/64 MP: 8/8
  5969 | D:7      | Got a pitted cloak
  5995 | D:7      | Identified the cursed +0 cloak of Nihilism {*Slow rF++
                  | Stlth+} (You found it on level 7 of the Dungeon)
  6062 | D:7      | Noticed Duvessa
  6063 | D:7      | Noticed Dowan
  6085 | D:7      | Killed Duvessa
  6087 | D:7      | Killed Dowan
  6371 | D:7      | Reached skill level 4 in Fighting
  6371 | D:7      | Reached XP level 9. HP: 71/71 MP: 9/9
  6422 | D:7      | Reached skill level 10 in Fighting
  6422 | D:7      | Reached XP level 10. HP: 59/94 MP: 10/10
  6622 | D:7      | Reached skill level 11 in Fighting
  6715 | D:7      | Reached skill level 10 in Armour
  6738 | D:7      | Found a shattered altar of Ashenzari.
  7125 | D:8      | Reached ***** piety under Trog
  7159 | D:8      | Identified a scroll of acquirement
  7159 | D:8      | Acquired an uncursed ring of resist corrosion
  7472 | D:8      | Noticed Joseph
  7487 | D:8      | Killed Joseph
  8027 | D:8      | Received a gift from Trog
  8087 | D:9      | Noticed a two-headed ogre
  8100 | D:9      | Killed a two-headed ogre
  8100 | D:9      | Reached skill level 12 in Fighting
  8209 | D:9      | Found Monoph's Distillery.
  8212 | D:9      | Bought a potion of degeneration for 12 gold pieces
  8212 | D:9      | Bought a potion of heal wounds for 60 gold pieces
  8212 | D:9      | Bought a potion of curing for 36 gold pieces
  8212 | D:9      | Bought a potion of heal wounds for 60 gold pieces
  8214 | D:9      | Noticed a death yak
  8217 | D:9      | Noticed a death yak
  8218 | D:9      | Noticed a death yak
  8241 | D:9      | Killed a death yak
  8241 | D:9      | Reached XP level 11. HP: 77/104 MP: 11/11
  8244 | D:9      | Killed a death yak
  8255 | D:9      | Killed a death yak
  8288 | D:9      | Found a staircase to the Lair.
  8883 | Lair:1   | Entered Level 1 of the Lair of Beasts
  8904 | Lair:1   | Reached skill level 13 in Fighting
  9289 | Lair:1   | HP: 5/107 [poisoned by a spiny frog]
  9294 | Lair:1   | HP: 3/107 [poisoned by a spiny frog]
  9299 | Lair:1   | HP: 5/107 [poisoned by a spiny frog]
 10762 | Lair:2   | Reached XP level 12. HP: 77/116 MP: 12/12
 11070 | Lair:2   | Noticed a six-headed hydra
 11081 | Lair:2   | Killed a six-headed hydra
 11081 | Lair:2   | Reached skill level 14 in Fighting
 11855 | Lair:2   | Found the +3 crown of Dyrovepreva {rElec Int+2 SInv}
 13438 | Lair:4   | Found a hole to the Spider Nest.
 13494 | Lair:4   | Noticed a five-headed hydra
 13506 | Lair:4   | Killed a five-headed hydra
 13506 | Lair:4   | Reached skill level 15 in Fighting
 13998 | Lair:4   | Found a staircase to the Swamp.
 14906 | Lair:5   | Noticed a four-headed hydra
 14925 | Lair:5   | Killed a four-headed hydra
 15447 | Lair:5   | Reached XP level 13. HP: 128/128 MP: 13/13
 16164 | Lair:6   | Entered Level 6 of the Lair of Beasts
 16227 | Lair:6   | Reached skill level 16 in Fighting
 16696 | Lair:6   | Found a bloodstained altar of Trog.
 16702 | Lair:6   | Found a runed translucent door.
 16705 | Lair:6   | Noticed tensugalgo's ghost (journeyman OpSk)
 16709 | Lair:6   | Identified the +9 spear of Kiojetta {chaos, *Contam +Blink
                  | Int+4}
 16739 | Lair:6   | Noticed Rupert
 16774 | Lair:6   | Killed Rupert
 16774 | Lair:6   | Reached skill level 15 in Armour
 17160 | Lair:6   | Found a staircase to the Slime Pits.
 18931 | Lair:6   | Reached skill level 17 in Fighting
 19245 | Lair:6   | Found a large runed translucent door.
 19246 | Lair:6   | Found a large runed translucent door.
 19613 | Lair:6   | Noticed a fire dragon
 19911 | Lair:6   | Killed a fire dragon
 20329 | D:9      | Found a sparkling altar of Nemelex Xobeh.
 20610 | D:10     | Entered Level 10 of the Dungeon
 20630 | D:10     | Reached XP level 14. HP: 104/140 MP: 14/14
 20850 | D:10     | Received a gift from Trog
 21587 | D:10     | Found a large runed translucent door.
 21587 | D:10     | Found a large runed translucent door.
 21717 | D:10     | Noticed raetorn's ghost (journeyman DrTm)
 21735 | D:10     | Killed raetorn's ghost
 22412 | D:11     | Found a roughly hewn altar of Beogh.
 22412 | D:11     | Found a staircase to the Orcish Mines.
 22465 | D:11     | Reached skill level 18 in Fighting
 23084 | D:11     | Received a gift from Trog
 23421 | Orc:1    | Entered Level 1 of the Orcish Mines
 23614 | Orc:2    | Entered Level 2 of the Orcish Mines
 23619 | Orc:2    | Noticed Snorg
 23627 | Orc:2    | Noticed Urug
 23647 | Orc:2    | Killed Snorg
 23647 | Orc:2    | Reached skill level 1 in Shields
 23647 | Orc:2    | Reached skill level 1 in Evocations
 23662 | Orc:2    | Killed Urug
 23875 | Orc:2    | Found a staircase to the Elven Halls.
 24452 | Orc:2    | Noticed Maurice
 24464 | Orc:2    | Killed Maurice
 24622 | Orc:2    | Found Ocysuob's Book Shoppe.
 24622 | Orc:2    | Found Usicirya's Distillery.
 24633 | Orc:2    | Found Sout's Gadget Emporium.
 25149 | Orc:2    | Found Koiss's General Store.
 25151 | Orc:2    | Bought a potion of curing for 36 gold pieces
 25151 | Orc:2    | Bought a potion of haste for 120 gold pieces
 25151 | Orc:2    | Bought a potion of heal wounds for 60 gold pieces
 25151 | Orc:2    | Bought a potion of curing for 36 gold pieces
 25151 | Orc:2    | Bought a potion of curing for 36 gold pieces
 25151 | Orc:2    | Bought a potion of curing for 36 gold pieces
 25504 | D:12     | Received a gift from Trog
 25508 | D:12     | Got a fading glaive {god gift}
 25568 | D:12     | Reached skill level 5 in Shields
 25583 | D:12     | Reached skill level 5 in Evocations
 25602 | D:12     | HP: 3/143 [ogre mage/bolt of poison (10)]
 25604 | D:12     | Killed from afar by an ogre mage

Illustrated notes

Levels and vault maps discovered:
D:1:      erik_arrival_triangle_small, layout_loops_ring
D:2:      minmay_inner_zag, layout_loops_ring
D:3:      layout_basic
D:4:      layout_loops_corners, hangedman_decor_opposing, minmay_misc_feat_rows
D:5:      layout_basic, minmay_temple_entry_tees, first_ration, serial_shops,
          kennysheep_mini_moat
D:6:      layout_basic, minmay_misc_feat_diagonals
D:7:      layout_basic, old_standard_altar, uniq_duvessa
D:8:      layout_basic, uniq_joseph
D:9:      layout_rooms, dpeg_lair_monsters, serial_shops,
          nicolae_shop_behind_doors, basic_altar, blue_anna_alchemist
          [blue_anna_fruit_fields, blue_anna_fruit_fields],
          minmay_variable_closet, serial_bayou_lagoon_a
D:10:     layout_basic, ebering_ghost_disaster_area
D:11:     layout_cross, david_orc_5, chequers_decorated_corner
D:12:     layout_basic, grunt_decor_arrowhead
Lair:1:   layout_hall_layers, serial_bayou_shore_b
Lair:2:   layout_layer_cave, grunt_forest_stairs_basic, minmay_lindwurm_lava,
          lemuel_fruit_fields
Lair:3:   layout_gridlike, minmay_hedge_maze, chequers_serial_rivers_small_b,
          minmay_holes, zaba_anthole
Lair:4:   layout_cave_pods, minmay_swamp_entry_worms,
          nicolae_spider_entry_non_spiders
Lair:5:   layout_cave_pods
Lair:6:   cheibrodos_lair_end_hotspot, layout_cave_pods,
          nicolae_slime_entry_slimehenge, basic_altar,
          ebering_ghost_funeral_grove, uniq_rupert
Orc:1:    layout_caves
Orc:2:    st_orc_mages, layout_caves, uniq_snorg, uniq_urug, uniq_maurice

Skill      XL: |  1  2  3  4  5  6  7  8  9 10 11 12 13 14 |
---------------+-------------------------------------------+-----
Polearms       | 4 5 6 7 8 10 12 | 12.0
Fighting       | 4 10 12 13 15 17 18 | 18.1
Armour         | 9 11 12 14 16 | 16.7
Shields        | 5 |  5.7
Evocations     | 5 |  5.1
Dodging        | |  1.5

Action                   |  1- 3 |  4- 6 |  7- 9 | 10-12 | 13-15 || total
-------------------------+-------+-------+-------+-------+-------++-------
Melee: Spear             |   101 |   200 |   300 |   917 |  1270 ||  2788
       Headbutt          |     6 |     4 |       |       |       ||    10
Invok: Berserk           |       |       |     1 |     3 |     8 ||    12
       Trog's Hand       |       |       |       |     1 |     2 ||     3
Evoke: Wand              |       |       |       |       |     4 ||     4
  Use: Scroll            |     3 |     5 |     4 |     8 |     9 ||    29
       Potion            |     3 |     5 |     2 |     4 |     1 ||    15
 Stab: Sleeping          |     3 |       |       |       |       ||     3
       Distracted        |       |       |       |     1 |       ||     1
       Paralysed         |       |       |       |       |     4 ||     4
  Eat: Chunk             |     1 |     8 |     5 |    26 |    27 ||    67
       Ration            |       |       |     1 |     3 |     4 ||     8
Armor: Animal skin       |    14 |     5 |       |       |       ||    19
       Ring mail         |       |    16 |       |       |       ||    16
       Plate armour      |       |    63 |   126 |   345 |   500 ||  1034
Dodge: Dodged            |    34 |    52 |    61 |   212 |   191 ||   550
       Repelled          |       |     1 |     2 |       |       ||     3
Block: Kite shield       |       |       |       |       |   305 ||   305
